[ AOE2 MATCH · #495147286 ]
UnrankedMongols vs Cumans
Player's team · WIN
Rival team · LOSS
[ REPLAY ANALYSIS · EXTRACTED FROM THE RECORDED GAME ]
Feudal
9:51
Castle
—
Imperial
—
| APM avg | 44.9 |
| APM peak | 71 |
| eAPM avg | 18.7 |
| Villagers / military | 30 / 10 |
Focus
⚔️ 52.7% · 🌾 47.3%
Militia ×7 · Archer ×3
Feudal
8:51
Castle
—
Imperial
—
| APM avg | 77.8 |
| APM peak | 119 |
| eAPM avg | 30.2 |
| Villagers / military | 40 / 0 |
Focus
⚔️ 46.2% · 🌾 53.8%
Match map
Initial resources + every placement click. Lines = walls · curves = elevation contours. ◆ gold · ⬟ stone · ● berries · ✦ relic · ◌ wall gap
Your base· Open — opponent sealed themselves in
Rodmantis's base· ✓ Closed at 12:00 · 20t walls · no gate
Smoothed initial terrain · ◌ = detected wall gap · hover for details
Inputs per minute
— [GDL]CemenTox - - Rodmantis
Build order — [GDL]CemenTox
76 actions detected in the replay
| 0:01 | Queue | Villager (Male) |
| 0:01 | Queue | Villager (Male) |
| 0:02 | Queue | Villager (Male) |
| 0:02 | Queue | Villager (Male) |
| 0:03 | Build | House |
| 0:05 | Build | House |
| 0:06 | Build | House |
| 1:13 | Queue | Villager (Male) |
| 1:33 | Queue | Villager (Male) |
| 1:50 | Build | Lumber Camp |
| 2:01 | Queue | Villager (Male) |
| 2:01 | Queue | Villager (Male) |
| 2:01 | Queue | Villager (Male) |
| 2:28 | Queue | Villager (Male) |
| 2:28 | Queue | Villager (Male) |
| 2:42 | Queue | Villager (Male) |
| 2:42 | Queue | Villager (Male) |
| 3:14 | Queue | Villager (Male) |
| 3:14 | Queue | Villager (Male) |
| 3:32 | Build | Palisade Wall |
| 3:40 | Queue | Villager (Male) ×2 |
| 3:40 | Queue | Villager (Male) ×2 |
| 3:56 | Build | House |
| 3:57 | Build | House |
| 4:16 | Build | House |
| 5:02 | Build | Barracks |
| 5:46 | Queue | Villager (Male) |
| 5:56 | Queue | Militia |
| 5:56 | Queue | Militia |
| 5:56 | Queue | Militia |
| 6:26 | Queue | Villager (Male) |
| 6:46 | Queue | Villager (Male) |
| 7:01 | Queue | Villager (Male) |
| 7:16 | Build | House |
| 7:22 | Build | Mining Camp |
| 7:30 | Research | Feudal Age |
| 7:50 | Build | House |
| 7:56 | Queue | Militia |
| 7:58 | Queue | Militia |
| 8:58 | Queue | Militia |
| 8:59 | Queue | Militia |
| 9:51 | Age | Feudal Age |
| 9:55 | Research | Loom |
| 9:56 | Research | Loom |
| 10:08 | Research | Town Watch |
| 10:22 | Build | Mill |
| 10:43 | Queue | Villager (Male) |
| 10:45 | Research | Double-Bit Axe |
| 11:01 | Queue | Villager (Male) ×5 |
| 11:06 | Research | Man-at-Arms (upgrade) |
| 11:09 | Research | Arson |
| 11:09 | Research | Arson |
| 11:21 | Build | Archery Range |
| 11:40 | Build | Mining Camp |
| 11:54 | Build | Watch Tower |
| 12:37 | Build | Watch Tower |
| 12:42 | Queue | Archer |
| 12:42 | Queue | Archer |
| 13:00 | Build | Watch Tower |
| 13:16 | Queue | Villager (Male) |
| 13:19 | Build | House |
| 13:21 | Research | Wheelbarrow |
| 13:22 | Research | Horse Collar |
| 13:35 | Queue | Archer |
| 13:47 | Build | Palisade Wall |
| 13:47 | Build | Palisade Wall |
| 13:47 | Build | Palisade Wall |
| 13:47 | Build | Palisade Wall |
| 13:48 | Build | Palisade Wall |
| 13:48 | Build | Palisade Wall |
| 13:48 | Build | Palisade Wall |
| 13:48 | Build | Palisade Wall |
| 13:49 | Build | Palisade Wall |
| 13:49 | Build | Palisade Wall |
| 13:49 | Build | Palisade Wall |
| 13:49 | Build | Palisade Wall |
Build order — Rodmantis
71 actions detected in the replay
| 0:00 | Queue | Villager (Male) |
| 0:01 | Queue | Villager (Male) |
| 0:01 | Queue | Villager (Male) |
| 0:01 | Queue | Villager (Male) |
| 0:01 | Queue | Villager (Male) |
| 0:02 | Build | House |
| 0:04 | Build | House |
| 1:25 | Queue | Villager (Male) |
| 1:26 | Queue | Villager (Male) |
| 1:53 | Queue | Villager (Male) |
| 1:53 | Queue | Villager (Male) |
| 2:16 | Build | Lumber Camp |
| 2:21 | Queue | Villager (Male) |
| 2:22 | Queue | Villager (Male) |
| 2:48 | Queue | Villager (Male) |
| 3:00 | Queue | Villager (Male) |
| 3:00 | Queue | Villager (Male) |
| 3:35 | Queue | Villager (Male) |
| 3:35 | Queue | Villager (Male) |
| 3:49 | Build | House |
| 3:51 | Queue | Villager (Male) |
| 3:52 | Queue | Villager (Male) |
| 3:58 | Queue | Villager (Male) |
| 3:58 | Queue | Villager (Male) |
| 4:42 | Build | Mill |
| 4:49 | Queue | Villager (Male) |
| 4:49 | Queue | Villager (Male) |
| 4:50 | Queue | Villager (Male) |
| 5:49 | Queue | Villager (Male) |
| 5:57 | Research | Loom |
| 6:38 | Research | Feudal Age |
| 6:38 | Research | Feudal Age |
| 7:37 | Build | Palisade Wall |
| 7:39 | Build | Palisade Wall |
| 7:46 | Queue | Villager (Male) |
| 8:04 | Build | Palisade Wall |
| 8:09 | Build | Palisade Wall |
| 8:17 | Queue | Villager (Male) |
| 8:42 | Queue | Villager (Male) |
| 8:51 | Age | Feudal Age |
| 9:19 | Build | Town Center |
| 9:28 | Build | House |
| 9:33 | Build | Palisade Wall |
| 9:35 | Build | Palisade Wall |
| 9:38 | Build | Palisade Wall |
| 9:41 | Build | Palisade Wall |
| 9:45 | Build | Palisade Wall |
| 9:46 | Build | Palisade Wall |
| 9:52 | Queue | Villager (Male) |
| 9:59 | Build | House |
| 10:03 | Build | Palisade Wall |
| 10:15 | Build | Palisade Wall |
| 10:18 | Queue | Villager (Male) |
| 10:26 | Queue | Villager (Male) |
| 10:45 | Queue | Villager (Male) |
| 10:49 | Queue | Villager (Male) |
| 11:02 | Queue | Villager (Male) |
| 11:09 | Research | Double-Bit Axe |
| 11:09 | Research | Double-Bit Axe |
| 11:20 | Queue | Villager (Male) |
| 11:37 | Queue | Villager (Male) |
| 11:47 | Queue | Villager (Male) |
| 12:03 | Build | Barracks |
| 12:05 | Queue | Villager (Male) |
| 12:16 | Queue | Villager (Male) |
| 12:16 | Queue | Villager (Male) |
| 13:04 | Queue | Villager (Male) |
| 13:22 | Build | Farm |
| 13:24 | Build | Farm |
| 13:30 | Build | Archery Range |
| 13:47 | Build | House |
Match timeline
| 3:32 | [GDL]CemenTox · wall_segment Palisade Wall x1 |
| 5:02 | [GDL]CemenTox · first_building Barracks |
| 7:37 | Rodmantis · wall_segment Palisade Wall x1 |
| 7:39 | Rodmantis · wall_segment Palisade Wall x1 |
| 8:04 | Rodmantis · wall_segment Palisade Wall x1 |
| 8:09 | Rodmantis · wall_segment Palisade Wall x9 |
| 8:51 | Rodmantis · age_up feudal |
| 9:33 | Rodmantis · wall_segment Palisade Wall x1 |
| 9:35 | Rodmantis · wall_segment Palisade Wall x1 |
| 9:38 | Rodmantis · wall_segment Palisade Wall x1 |
| 9:41 | Rodmantis · wall_segment Palisade Wall x1 |
| 9:45 | Rodmantis · wall_segment Palisade Wall x1 |
| 9:46 | Rodmantis · wall_segment Palisade Wall x1 |
| 9:51 | [GDL]CemenTox · age_up feudal |
| 10:03 | Rodmantis · wall_segment Palisade Wall x1 |
| 10:15 | Rodmantis · wall_segment Palisade Wall x1 |
| 11:21 | [GDL]CemenTox · first_building Archery Range |
| 12:03 | Rodmantis · first_building Barracks |
| 13:30 | Rodmantis · first_building Archery Range |
| 13:47 | [GDL]CemenTox · wall_segment Palisade Wall x1 |
| 13:47 | [GDL]CemenTox · wall_segment Palisade Wall x1 |
| 13:47 | [GDL]CemenTox · wall_segment Palisade Wall x2 |
| 13:47 | [GDL]CemenTox · wall_segment Palisade Wall x1 |
| 13:48 | [GDL]CemenTox · wall_segment Palisade Wall x2 |
| 13:48 | [GDL]CemenTox · wall_segment Palisade Wall x2 |
| 13:48 | [GDL]CemenTox · wall_segment Palisade Wall x1 |
| 13:48 | [GDL]CemenTox · wall_segment Palisade Wall x1 |
| 13:49 | [GDL]CemenTox · wall_segment Palisade Wall x1 |
| 13:49 | [GDL]CemenTox · wall_segment Palisade Wall x1 |
| 13:49 | [GDL]CemenTox · wall_segment Palisade Wall x1 |
| 13:49 | [GDL]CemenTox · wall_segment Palisade Wall x1 |
| 14:17 | Rodmantis · resign |
[ AI ANALYSIS · 1 CREDIT ]
What really happened in this match?
Wolo.gg analyzes every decision: build order, eco, micro, common mistakes by bracket. Personalized analysis on WhatsApp or Discord in 30 seconds.
Civ guide
Mongols
Perfil
[GDL]CemenTox